 Dungeon Crawl Stone Soup version 0.27-a0-1196-g3e9cee4cb2 (webtiles) character file.

Game seed: 12692972212461833540

2058 avis the Reanimator (level 9, -6/68 HPs)
             Began as a Deep Dwarf Necromancer on May 28, 2021.
             Mangled by a two-headed ogre
             ... wielding a +0 giant spiked club
              (22 damage)
             ... on level 6 of the Dungeon.
             The game lasted 00:48:00 (7298 turns).

avis the Reanimator (Deep Dwarf Necromancer)        Turns: 7298, Time: 00:48:00

Health: -6/68      AC: 11    Str: 11    XL:     9   Next: 5%
Magic:  1/11       EV:  6    Int: 32    God:
Gold:   408        SH:  0    Dex: 13    Spells: 8/12 levels left

rFire    . . .     SeeInvis .   a - +0 hand axe (vamp)
rCold    . . .     Faith    .   (no shield)
rNeg     . . .     Spirit   .   l - +0 chain mail
rPois    +         Reflect  .   (no helmet)
rElec    .         Harm     .   j - +1 cloak {rPois}
rCorr    .         Rampage  .   (no gloves)
Will     +....                  (no boots)
Stlth    ..........             E - amulet of magic regeneration
HPRegen  0.00/turn              f - +6 ring of intelligence
MPRegen  0.37/turn              N - +6 ring of intelligence

@: very slightly contaminated
A: damage resistance, heal wounds, sense surroundings 2, no regeneration
a: Heal Wounds


You were on level 6 of the Dungeon.
You visited 2 branches of the dungeon, and saw 8 of its levels.
You also visited: Sewer.

You collected 408 gold pieces.

Inventory:

Hand Weapons
 a - a +0 vampiric hand axe (weapon)
 b - a +1 whip of electrocution
 w - a +2 rapier of flaming
Missiles
 d - 55 arrows
 g - 52 poisoned darts (quivered)
 r - 4 silver boomerangs
 C - a throwing net
 L - 21 stones
Armour
 h - a +0 tower shield
 j - a +1 cloak of poison resistance (worn)
 l - a +0 chain mail (worn)
 G - a +0 ring mail
 P - a scarf of invisibility
Magical Staves
 I - a staff of poison
Jewellery
 f - a +6 ring of intelligence (left hand)
 y - a +6 ring of intelligence
 E - an amulet of magic regeneration (around neck)
 N - a +6 ring of intelligence (right hand)
Wands
 u - a wand of polymorph (8)
Scrolls
 c - a scroll of brand weapon {unknown}
 e - 2 scrolls of teleportation {unknown}
 k - 2 scrolls of noise {unknown}
 o - a scroll of fog {unknown}
 t - a scroll of immolation {unknown}
 v - a scroll of amnesia {unknown}
 z - 2 scrolls of summoning {unknown}
 A - a scroll of enchant weapon {unknown}
 B - a scroll of magic mapping {unknown}
 D - a scroll of acquirement {unknown}
 H - 2 scrolls of identify {unknown}
 J - a scroll of torment {unknown}
 K - 2 scrolls of fear {unknown}
 O - 3 scrolls of blinking {unknown}
Potions
 i - 2 potions of haste {unknown}
 m - 3 potions of lignification
 n - a potion of heal wounds {unknown}
 p - 2 potions of curing {unknown}
 q - 2 potions of flight {unknown}
 s - 3 potions of mutation {unknown}
 x - 3 potions of attraction {unknown}
 F - 2 potions of invisibility {unknown}


   Skills:
 * Level 3.8 Armour
 - Level 3.0 Dodging
 - Level 3.0 Stealth
 - Level 2.0 Spellcasting
 + Level 10.8 Necromancy
 + Level 7.8 Evocations


You had 8 spell levels left.
You knew the following spells:

 Your Spells              Type           Power      Damage    Failure   Level
a - Pain                  Necr           100%       1d9       3%          1
d - Vampiric Draining     Necr           32%        2d10      11%         3

Your spell library contained the following spells:

 Spells                   Type           Power      Damage    Failure   Level
 Animate Skeleton         Necr           100%       N/A       3%          1
 Animate Dead             Necr           32%        N/A       34%         4
 Agony                    Necr           64%        N/A       69%         5


Dungeon Overview and Level Annotations

Branches:
Dungeon (7/15)             Temple (1/1) D:6           Sewer (visited)

Altars:
Ashenzari
Cheibriados
Dithmenos
Fedhas
Gozag
Hepliaklqana
Kikubaaqudgha
Nemelex Xobeh
Okawaru
Qazlal
Ru
Sif Muna
Trog
Vehumet
Wu Jian
Xom
Yredelemnul
Zin
The Shining One


Innate Abilities, Weirdness & Mutations

You are resistant to damage.
You can heal yourself by infusing magical energy.
You passively map the area around you.
You do not regenerate.


Message History

Casting: Vampiric Draining (dangerous; 11% risk of failure)
Confirm with . or Enter, or press ? or * to list all spells.
Aiming: Vampiric Draining (dangerous; 11% risk of failure)
Press: ? - help, Shift-Dir - straight line, f/p - two-headed ogre
Aim: a two-headed ogre, wielding a +0 giant spiked club and a +0 dire flail (severely wounded)
You draw life force from the two-headed ogre!
You feel life coursing into your body.
You barely miss the two-headed ogre.
The two-headed ogre is almost dead.
The two-headed ogre hits you with a +0 giant spiked club.
The two-headed ogre hits you with a +0 dire flail!
Casting: Vampiric Draining (dangerous; 11% risk of failure)
Confirm with . or Enter, or press ? or * to list all spells.
Aiming: Vampiric Draining (dangerous; 11% risk of failure)
Press: ? - help, Shift-Dir - straight line, f/p - two-headed ogre
Aim: a two-headed ogre, wielding a +0 giant spiked club and a +0 dire flail (almost dead)
You miscast Vampiric Draining.
You are very lightly contaminated with residual magic.
Nothing appears to happen.
The two-headed ogre hits you with a +0 giant spiked club!
* * * LOW HITPOINT WARNING * * *
The two-headed ogre hits you with a +0 dire flail!
* * * LOW HITPOINT WARNING * * *
Your magical essence is drained by the effort!
You feel much better.
The two-headed ogre hits you with a +0 giant spiked club!
The two-headed ogre closely misses you.
Casting: Vampiric Draining (dangerous; 11% risk of failure)
Confirm with . or Enter, or press ? or * to list all spells.
Aiming: Pain (safe; 3% risk of failure)
Press: ? - help, Shift-Dir - straight line, f/p - two-headed ogre
Aim: a two-headed ogre, wielding a +0 giant spiked club and a +0 dire flail (almost dead, chance to affect: 71%)
The two-headed ogre writhes in agony.
The two-headed ogre hits you with a +0 giant spiked club!
* * * LOW HITPOINT WARNING * * *
The two-headed ogre barely misses you.
You hit the two-headed ogre but do no damage.
The two-headed ogre is almost dead.
The two-headed ogre hits you with a +0 giant spiked club!!
You die...

#........# #.#
#........## #.#####
#.........# #....<#
#.........##########
#...............#
#.......#..####.#
#.......##.## #.#
#.......##..###.######
##########.@#........##
##O#.#.####..#
#...........#
#..#######).#
#..#.....#..#
#..#.....#..#
#..#.._..#..#
#..#.....#..#
#..#.....#..#


You could see a two-headed ogre.

Vanquished Creatures
  Sigmund (D:3)
  A water moccasin (Sewer)
  A sky beast (D:4)
  An ice beast (D:6)
  A necrophage (D:6)
  An ogre (D:5)
  A centaur (D:6)
  2 phantoms (D:5)
  A kobold brigand (D:5)
  Blork the orc (D:4)
  A wyvern zombie (D:6)
  2 scorpions
  A water moccasin skeleton (D:4)
  A wight (D:6)
  A centaur zombie (D:5)
  7 hounds
  A jelly (D:7)
  3 orc priests
  A centaur skeleton (D:5)
  Jessica (D:3)
  An iguana (D:4)
  3 orc wizards
  Natasha (thrice) (D:2)
  A hound skeleton (D:4)
  4 gnolls
  A river rat (D:5)
  6 adders
  A white imp (D:7)
  An adder skeleton (D:5)
  2 dart slugs (D:3)
  9 orcs
  3 bats
  11 endoplasms
  4 giant cockroaches
  5 hobgoblins
  4 jackals
  2 quokkas
  8 ball pythons
  4 frilled lizards
  4 goblins
  12 kobolds
  13 rats
132 creatures vanquished.

Notes
Turn   | Place    | Note
-------+----------+-------------------------------------------
     0 | D:1      | avis the Deep Dwarf Necromancer began the quest for the
                  | Orb.
     0 | D:1      | Reached XP level 1. HP: 15/15 MP: 3/3
   348 | D:1      | Reached XP level 2. HP: 17/22 MP: 0/5
   769 | D:1      | Reached skill level 5 in Necromancy
  1171 | D:2      | Reached XP level 3. HP: 22/28 MP: 1/6
  1217 | D:2      | Learned a level 3 spell: Vampiric Draining
  1265 | D:2      | Noticed Natasha
  1639 | D:2      | Killed Natasha
  1640 | D:2      | Reached XP level 4. HP: 36/36 MP: 4/7
  1786 | D:2      | Noticed Natasha
  1791 | D:2      | Killed Natasha
  1792 | D:2      | Reached skill level 6 in Necromancy
  1890 | D:2      | Noticed Natasha
  1893 | D:2      | Killed Natasha
  2071 | D:3      | Noticed Jessica
  2078 | D:3      | Killed Jessica
  2079 | D:3      | Reached XP level 5. HP: 42/42 MP: 5/8
  2359 | D:3      | Reached skill level 1 in Evocations
  2750 | D:3      | Noticed Sigmund
  2763 | D:3      | Killed Sigmund
  2764 | D:3      | Reached skill level 7 in Necromancy
  2764 | D:3      | Reached XP level 6. HP: 47/49 MP: 2/9
  3182 | D:4      | Found a basalt altar of Yredelemnul.
  3711 | D:4      | Noticed Blork the orc
  3719 | D:4      | Killed Blork the orc
  3720 | D:4      | Reached skill level 8 in Necromancy
  4144 | D:5      | Entered Level 5 of the Dungeon
  4144 | D:5      | Noticed a sky beast
  4167 | D:4      | Killed a sky beast
  4168 | D:4      | Reached XP level 7. HP: 53/55 MP: 0/10
  4534 | D:5      | Found a hazy altar of Hepliaklqana.
  4552 | D:5      | Reached skill level 5 in Evocations
  4566 | D:5      | Reached skill level 9 in Necromancy
  4661 | D:5      | Found a glowing drain.
  4671 | Sewer    | Entered a sewer
  4788 | Sewer    | Reached XP level 8. HP: 59/62 MP: 1/11
  5429 | D:6      | Reached skill level 10 in Necromancy
  5749 | D:6      | Found a staircase to the Ecumenical Temple.
  5971 | Temple   | Entered the Ecumenical Temple
  6155 | D:6      | Reached skill level 1 in Armour
  6344 | D:6      | Found a bloodstained altar of Trog.
  7005 | D:7      | Gained mutation: You passively map the area around you.
                  | [Deep Dwarf growth]
  7005 | D:7      | Reached XP level 9. HP: 67/68 MP: 3/12
  7222 | D:7      | Noticed a two-headed ogre
  7295 | D:6      | HP: 2/68 [two-headed ogre/+0 giant spiked club (7)]
  7298 | D:6      | Mangled by a two-headed ogre

Illustrated notes

Levels and vault maps discovered:
D:1:      amcnicky_arrival_double_pillar, layout_basic
D:2:      layout_rooms, uniq_natasha
D:3:      layout_basic, uniq_jessica, uniq_sigmund
D:4:      cheibrodos_helix_gallery, layout_basic, overflow_temple_1_default,
          serial_bayou_ford_a, grunt_decor_one_mirror, dk_noncrumbling_3,
          uniq_blork_the_orc
D:5:      layout_rooms, kennysheep_mini_moat, portal_sewer_entry_e
D:6:      layout_basic, amcnicky_altar_gilded, minmay_temple_entry_proselytizer
D:7:      layout_gridville, lightli_temple_of_fire, serial_shops, shop
Temple:   lightli_temple_of_artemis

Skill      XL: |  1  2  3  4  5  6  7  8 |
---------------+-------------------------+-----
Spellcasting   | 2 |  2.0
Necromancy     | 5 6 7 8 9 10 | 10.8
Stealth        | 3 |  3.0
Dodging        | 3 |  3.0
Evocations     | 2 4 5 7 |  7.8
Armour         | 3 |  3.8

Action                   |  1- 3 |  4- 6 |  7- 9 || total
-------------------------+-------+-------+-------++-------
Melee: Unarmed           |     1 |       |       ||     1
       Flail             |     1 |       |       ||     1
       Rapier            |       |    44 |    21 ||    65
       Hand axe          |       |       |   203 ||   203
       Whip              |       |       |    41 ||    41
Throw: Dart              |       |       |     1 ||     1
 Cast: Pain              |    66 |    40 |     5 ||   111
       Vampiric Draining |     2 |     7 |    58 ||    67
 Abil: Heal Wounds       |       |       |     1 ||     1
  Use: Potion            |       |       |     1 ||     1
 Stab: Sleeping          |       |     1 |       ||     1
Armor: Robe              |     2 |    21 |     3 ||    26
       Ring mail         |       |       |   125 ||   125
       Skin              |       |       |    35 ||    35
       Chain mail        |       |       |    23 ||    23
Dodge: Dodged            |     4 |    22 |   203 ||   229

Table legend: (Time is in decaauts)
 A = Elapsed time spent in this place.
 B = Non-inter-level travel time spent in this place.
 C = Inter-level travel time spent in this place.
 D = Time resting spent in this place.
 E = Time spent auto-exploring this place.
 F = Levels seen in this place.
 G = Mean time per level.
                   A        B        C        D        E       F      G
               +--------+--------+--------+--------+--------+-----+--------+
         Total |   7392 |   6721 |    671 |   2007 |   2725 |   9 |  821.3 |
       Dungeon |   6972 |   6317 |    655 |   1895 |   2618 |   7 |  996.0 |
        Temple |    160 |    144 |     16 |      0 |    107 |   1 |  160.0 |
         Sewer |    259 |    259 |      0 |    112 |      0 |   1 |  259.0 |
               +--------+--------+--------+--------+--------+-----+--------+

Top non-repeatable levels by time:
     D:4: 1447 daAuts
     D:6: 1145 daAuts
     D:1: 1098 daAuts
     D:3: 994 daAuts
     D:5: 990 daAuts
     D:2: 871 daAuts
     D:7: 424 daAuts
   Sewer: 259 daAuts
  Temple: 160 daAuts
